 Dungeon Crawl Stone Soup version 0.28.0-53-g5a82cb258f (webtiles) character file.

Game seed: 11391008374920471915

51 MiltankisOP the Poker (level 3, -2/29 HPs)
             Began as a Merfolk Monk on June 15, 2022.
             Killed from afar by Natasha (8 damage)
             ... with a magic dart
             ... on level 2 of the Dungeon.
             The game lasted 00:02:33 (1175 turns).

MiltankisOP the Poker (Merfolk Monk)                Turns: 1175, Time: 00:02:33

Health: -2/29      AC:  2    Str: 11    XL:     3   Next: 83%
Magic:  3/3        EV: 15    Int:  9    God:
Gold:   44         SH:  0    Dex: 18    Spells: 2/2 levels left

rFire   . . .      SeeInvis .   a - +0 spear
rCold   . . .      Faith    .   (no shield)
rNeg    . . .      Spirit   .   b - +0 robe
rPois   .          Reflect  .   (no helmet)
rElec   .          Harm     .   (no cloak)
rCorr   .          Rampage  .   (no gloves)
Will    .....                   (no boots)
Stlth   ++........              (no amulet)
HPRegen 0.09/turn               (no ring)
MPRegen 0.08/turn               (no ring)

@: no status effects
A: (nimble swimmer 2), mertail
a: no special abilities


You were on level 2 of the Dungeon.
You visited 1 branch of the dungeon, and saw 2 of its levels.

You collected 44 gold pieces.

Inventory:

Hand Weapons
 a - a +0 spear (weapon)
Armour
 b - a +0 robe (worn)
 i - a +0 buckler
Jewellery
 e - a ring of flight
Scrolls
 c - a scroll of teleportation {unknown}
 f - a scroll of blinking {unknown}
Potions
 d - a potion of mutation {unknown}
 g - a potion of curing {unknown}
 h - a potion of might {unknown}


   Skills:
 - Level 3.3 Fighting
 + Level 5.6 Polearms
 + Level 5.1 Dodging
 - Level 2.2 Stealth


You had 2 spell levels left.
You didn't know any spells.
Your spell library was empty.

Dungeon Overview and Level Annotations

Branches:
Dungeon (2/15)

Altars:
Beogh

Annotations:
D:2 Natasha


Innate Abilities, Weirdness & Mutations

((You are very nimble when in or above water. (Stealth+, EV+, Speed+++)))
Your lower body shifts to a powerful aquatic tail in water.


Message History

You hit Natasha but do no damage. Natasha claws you.
You hit Natasha.
Natasha is lightly wounded.
Natasha closely misses you.
You miss Natasha.
Natasha is lightly wounded.
Natasha claws you.
You hit Natasha.
Natasha is lightly wounded.
The endoplasm freezes you.
You are frozen.
Natasha claws you.
You hit the endoplasm.
The endoplasm is heavily wounded.
The endoplasm closely misses you. Natasha casts a spell at you.
You resist with significant effort.
You hit the endoplasm.
The endoplasm is almost dead.
The endoplasm freezes you.
You are frozen.
You hit the endoplasm but do no damage.
The endoplasm is almost dead.
Natasha claws you but does no damage. The endoplasm barely misses you.
You hit the endoplasm.
You kill the endoplasm!
Natasha misses you.
You hit Natasha.
Natasha is heavily wounded.
Natasha completely misses you.
You closely miss Natasha.
Natasha is heavily wounded.
Natasha claws you!
* * * LOW HITPOINT WARNING * * *
You closely miss Natasha.
Natasha is heavily wounded.
You hit Natasha.
Natasha is severely wounded.
Natasha stares at you and mumbles some strange words.
The magic dart hits you!
You die...

....... ... .......
............ #...... ..
..#.......(. .......
..............
.......###.###...>.....
.......................
.......h..#[##.........
$......@.##....†.......
.....#..#####..........
.......................
..............#........
###............⌠.......
...##.........†.....#.
...# #<....##..)..##.#
#......###.##...)...###
#...##. ###....)....##


You could see Natasha.

Vanquished Creatures
  A gnoll (D:1)
  A dart slug (D:1)
  3 orcs (D:2)
  6 endoplasms
  2 giant cockroaches
  3 goblins (D:1)
  2 hobgoblins
  2 quokkas
  3 ball pythons (D:1)
  3 bats (D:1)
  A frilled lizard (D:1)
  2 kobolds (D:1)
  5 rats (D:1)
34 creatures vanquished.

Notes
Turn   | Place    | Note
-------+----------+-------------------------------------------
     0 | D:1      | MiltankisOP the Merfolk Monk began the quest for the Orb.
     0 | D:1      | Reached XP level 1. HP: 18/18 MP: 1/1
   162 | D:1      | Reached XP level 2. HP: 6/24 MP: 2/2
   164 | D:1      | Reached skill level 5 in Polearms
   484 | D:1      | Reached XP level 3. HP: 26/29 MP: 3/3
   980 | D:2      | Reached skill level 5 in Dodging
  1159 | D:2      | Noticed Natasha
  1175 | D:2      | Killed from afar by Natasha

Illustrated notes

Levels and vault maps discovered:
D:1:      ebering_trefoil_twist, layout_rooms, minmay_quantized
D:2:      layout_rooms, hellmonk_ecumenical_altar_defaced_shrine, basic_altar,
          minmay_tetromino_t4, uniq_natasha

Skill      XL: |  1  2  3 |
---------------+----------+-----
Polearms       | 5 |  5.6
Dodging        | 5 |  5.1
Fighting       | |  3.3
Stealth        | |  2.2

Action                   || total
-------------------------++-------
Melee: Spear             ||   123
       Punch             ||     2
 Stab: Sleeping          ||     4
Armor: Robe              ||    10
Dodge: Dodged            ||    52
